[Event "13th SRB-ch Men 2019"]
[Site "Beograd"]
[Date "2019.04.06"]
[Round "1.3"]
[White "Savic, Miodrag R"]
[Black "Nestorovic, Nikola"]
[Result "0-1"]
[ECO "C50"]
[WhiteElo "2498"]
[BlackElo "2473"]
[Annotator "RC"]
[PlyCount "80"]
[EventDate "2019.04.06"]
[EventType "tourn"]
[EventCountry "SRB"]
[SourceTitle "playchess.com"]
[Source "ChessBase"]
[SourceQuality "1"]
[TimeControl "40/5400+30:1800+30"]

1. e4 e5 2. Nf3 Nc6 3. Bc4 Bc5 4. O-O Nf6 5. d3 O-O 6. Nbd2 d6 7. a3 Ne7 8. b4 Bb6 9. Bb3 c6 10. Nc4 Bc7 11. Re1 Ng6 12. Bb2 Be6 13. Ncd2 Re8 14. Bxe6 Rxe6 15. a4 a5 16. b5 cxb5 17. axb5 d5 18. Qe2 h6 19. g3 Qd7 20. exd5 Nxd5 21. Ne4 b6 22. c4 Nb4 23. Rad1 f5 24. Nc3 Rd8 25. d4 e4 26. d5 Ree8 27. Nd4 Nd3 28. Nc6 Nxe1 29. Rxe1 Ne5 30. Rd1 Nf3+ 31. Kg2 Bd6 32. Nxd8 Qxd8 33. Na4 f4 34. c5 bxc5 35. Nc3 Qd7 36. Qf1 Qg4 37. Ne2 Ng5 38. Ng1 f3+ 39. Kh1 e3 40. Qe1 Ne4 0-1

[Event "13th SRB-ch Men 2019"]
[Site "Beograd"]
[Date "2019.04.07"]
[Round "2.1"]
[White "Zajic, Milan"]
[Black "Cabarkapa, Novak"]
[Result "1/2-1/2"]
[ECO "C13"]
[WhiteElo "2507"]
[BlackElo "2454"]
[Annotator "RC"]
[PlyCount "24"]
[EventDate "2019.04.06"]
[EventType "tourn"]
[EventCountry "SRB"]
[SourceTitle "playchess.com"]
[Source "ChessBase"]
[SourceQuality "1"]
[TimeControl "40/5400+30:1800+30"]

1. e4 e6 2. d4 d5 3. Nc3 Nf6 4. Bg5 dxe4 5. Nxe4 Be7 6. Bxf6 gxf6 7. Qd2 c5 8. Nxc5 Bxc5 9. dxc5 Qxd2+ 10. Kxd2 Ke7 11. Nf3 Rd8+ 12. Ke3 Nd7 1/2-1/2

[Event "13th SRB-ch Men 2019"]
[Site "Beograd"]
[Date "2019.04.07"]
[Round "2.2"]
[White "Kovacevic, Aleksandar"]
[Black "Damljanovic, Branko"]
[Result "1/2-1/2"]
[ECO "B41"]
[WhiteElo "2503"]
[BlackElo "2486"]
[Annotator "ChessBase"]
[PlyCount "56"]
[EventDate "2019.04.06"]
[EventType "tourn"]
[EventCountry "SRB"]
[SourceTitle "playchess.com"]
[Source "ChessBase"]
[SourceQuality "1"]
[TimeControl "40/5400+30:1800+30"]

1. e4 c5 2. Nf3 e6 3. d4 cxd4 4. Nxd4 a6 5. c4 Nf6 6. Nc3 Bb4 7. Bd3 Qc7 8. O-O Nc6 9. Nxc6 dxc6 10. Be3 Bxc3 11. bxc3 e5 12. Rb1 c5 13. Qb3 Nd7 14. Be2 O-O 15. Bg4 Nf6 16. Bxc8 Rfxc8 17. f3 Rab8 18. Rfd1 b5 19. cxb5 axb5 20. a4 c4 21. Qb4 bxa4 22. Qxa4 h6 23. Rb4 Ra8 24. Qc2 Ra3 25. Rb5 Rb3 26. Rxb3 cxb3 27. Qxb3 Qxc3 28. Qxc3 Rxc3 1/2-1/2

[Event "13th SRB-ch Men 2019"]
[Site "Beograd"]
[Date "2019.04.08"]
[Round "3.4"]
[White "Damljanovic, Branko"]
[Black "Nestorovic, Nikola"]
[Result "1/2-1/2"]
[ECO "A09"]
[WhiteElo "2486"]
[BlackElo "2473"]
[Annotator "RC"]
[PlyCount "88"]
[EventDate "2019.04.06"]
[EventType "tourn"]
[EventCountry "SRB"]
[SourceTitle "playchess.com"]
[Source "ChessBase"]
[SourceQuality "1"]
[TimeControl "40/5400+30:1800+30"]

1. Nf3 d5 2. g3 g6 3. c4 d4 4. Bg2 Bg7 5. d3 e5 6. b4 Ne7 7. Nbd2 a5 8. b5 c5 9. Ba3 Nd7 10. Rb1 O-O 11. O-O Qc7 12. Nb3 Qb6 13. Re1 a4 14. Nbd2 Nf5 15. e3 dxe3 16. fxe3 Bh6 17. Nf1 Re8 18. g4 e4 19. N3d2 Nd6 20. d4 Bg7 21. Ng3 cxd4 22. Ndxe4 Nxe4 23. Nxe4 Ne5 24. Bc5 Qd8 25. h3 d3 26. Bd4 Nxc4 27. Bxg7 Kxg7 28. Rb4 Ne5 29. Rd4 Qe7 30. Nf2 Bd7 31. Rd5 Rac8 32. Nxd3 Nxd3 33. Qxd3 Be6 34. Rd4 a3 35. b6 Qc5 36. Ra1 Qxb6 37. Qxa3 Rc2 38. Qb4 Qc7 39. Rd2 Rd8 40. Rxd8 Qxd8 41. Qd4+ Qxd4 42. exd4 Bxa2 43. Bxb7 Rd2 44. Bf3 Be6 1/2-1/2

[Event "13th SRB-ch Men 2019"]
[Site "Beograd"]
[Date "2019.04.08"]
[Round "3.5"]
[White "Cabarkapa, Novak"]
[Black "Kovacevic, Aleksandar"]
[Result "0-1"]
[ECO "B25"]
[WhiteElo "2454"]
[BlackElo "2503"]
[Annotator "ChessBase"]
[PlyCount "98"]
[EventDate "2019.04.06"]
[EventType "tourn"]
[EventCountry "SRB"]
[SourceTitle "playchess.com"]
[Source "ChessBase"]
[SourceQuality "1"]
[TimeControl "40/5400+30:1800+30"]

1. e4 c5 2. d3 Nc6 3. g3 g6 4. Bg2 Bg7 5. f4 d6 6. Nf3 e5 7. O-O Nge7 8. Nc3 O-O 9. f5 gxf5 10. Nh4 f4 11. gxf4 Ng6 12. Nf5 Bxf5 13. exf5 Nxf4 14. Bxf4 exf4 15. Rxf4 Be5 16. Rg4+ Kh8 17. Nd5 Ne7 18. Nxe7 Qxe7 19. c3 Rg8 20. d4 Rxg4 21. Qxg4 Rg8 22. Qe4 Bxd4+ 23. Kh1 Be5 24. Rc1 Qg5 25. Rc2 Qh5 26. Bf1 Rg4 27. Qd3 c4 28. Qe3 Qxf5 29. Rf2 Qg6 30. Bg2 b6 31. Qf3 Kg7 32. Qf5 Qxf5 33. Rxf5 Rh4 34. h3 f6 35. Kg1 b5 36. a3 a5 37. Bc6 Rxh3 38. Bxb5 d5 39. Kf1 h5 40. Rf2 Rd3 41. Ke2 Rg3 42. a4 Kf7 43. Kf1 Ke6 44. Rd2 Bf4 45. Re2+ Re3 46. Rf2 Ke5 47. Bc6 Rd3 48. Re2+ Kd6 49. Be8 h4 0-1

[Event "13th SRB-ch Men 2019"]
[Site "Beograd"]
[Date "2019.04.09"]
[Round "4.2"]
[White "Nestorovic, Nikola"]
[Black "Cabarkapa, Novak"]
[Result "1-0"]
[ECO "B07"]
[WhiteElo "2473"]
[BlackElo "2454"]
[Annotator "ChessBase"]
[PlyCount "67"]
[EventDate "2019.04.06"]
[EventType "tourn"]
[EventCountry "SRB"]
[SourceTitle "playchess.com"]
[Source "ChessBase"]
[SourceQuality "1"]
[TimeControl "40/5400+30:1800+30"]

1. d4 Nf6 2. Nf3 g6 3. Nbd2 Bg7 4. e4 d6 5. Bb5+ c6 6. Bd3 O-O 7. O-O Qc7 8. Re1 e5 9. c3 a5 10. b3 b5 11. a4 exd4 12. cxd4 b4 13. h3 Ba6 14. Nf1 Bxd3 15. Qxd3 d5 16. e5 Ne4 17. Ng5 Nxg5 18. Bxg5 Nd7 19. Be7 Rfe8 20. Bd6 Qb7 21. f4 Qa6 22. Qf3 Nf8 23. Rad1 Ne6 24. f5 gxf5 25. Qxf5 Qa7 26. Qf2 Rad8 27. Ng3 f6 28. exf6 Rxd6 29. Nf5 Bf8 30. Qg3+ Kf7 31. Nxd6+ Bxd6 32. Qxd6 Nxd4 33. Kh1 Ne2 34. Qxc6 1-0

[Event "13th SRB-ch Men 2019"]
[Site "Beograd"]
[Date "2019.04.10"]
[Round "5.3"]
[White "Damljanovic, Branko"]
[Black "Milanovic, Danilo"]
[Result "0-1"]
[ECO "B41"]
[WhiteElo "2486"]
[BlackElo "2495"]
[Annotator "RC"]
[PlyCount "90"]
[EventDate "2019.04.06"]
[EventType "tourn"]
[EventCountry "SRB"]
[SourceTitle "playchess.com"]
[Source "ChessBase"]
[SourceQuality "1"]
[TimeControl "40/5400+30:1800+30"]

1. Nf3 Nf6 2. c4 c5 3. Nc3 b6 4. e4 d6 5. d4 cxd4 6. Nxd4 Bb7 7. f3 e6 8. Be3 a6 9. Be2 Be7 10. Qd2 O-O 11. O-O Qc7 12. Rfc1 Rc8 13. b4 Nbd7 14. Na4 Qd8 15. Nb3 Bc6 16. Nb2 Bb7 17. a4 a5 18. c5 dxc5 19. bxa5 bxa5 20. Nc4 Ba6 21. Nbxa5 Qc7 22. Bf1 Rcb8 23. Qc2 Ne8 24. Nb3 Nd6 25. Nbd2 Nxc4 26. Nxc4 Bf6 27. Ra2 h6 28. Na3 Bxf1 29. Rxf1 Nb6 30. Nb5 Qc6 31. Rb1 c4 32. f4 Be7 33. a5 Nd7 34. Nd4 Qa6 35. e5 Nc5 36. f5 Nd3 37. fxe6 fxe6 38. Rf1 Rf8 39. Raa1 Bc5 40. Rxf8+ Rxf8 41. Qe2 Nf4 42. Qc2 Nd5 43. Bf2 Rxf2 44. Qxf2 Qa7 45. Rd1 Nc3 0-1

[Event "13th SRB-ch Men 2019"]
[Site "Beograd"]
[Date "2019.04.11"]
[Round "6.1"]
[White "Zajic, Milan"]
[Black "Nestorovic, Nikola"]
[Result "1/2-1/2"]
[ECO "C60"]
[WhiteElo "2507"]
[BlackElo "2473"]
[Annotator "RC"]
[PlyCount "77"]
[EventDate "2019.04.06"]
[EventType "tourn"]
[EventCountry "SRB"]
[SourceTitle "playchess.com"]
[Source "ChessBase"]
[SourceQuality "1"]
[TimeControl "40/5400+30:1800+30"]

1. e4 e5 2. Nf3 Nc6 3. Bb5 g6 4. d4 exd4 5. Bg5 Be7 6. Bxe7 Qxe7 7. Bxc6 dxc6 8. Qxd4 Nf6 9. Nc3 Bg4 10. Nd2 c5 11. Qe3 O-O-O 12. h3 Bd7 13. O-O-O Bc6 14. Rhe1 h5 15. Nf3 Rxd1+ 16. Rxd1 Re8 17. Nd2 h4 18. Qg5 Nh5 19. Qxe7 Rxe7 20. Nf3 b5 21. Nxh4 b4 22. Nb1 Rxe4 23. g3 Re2 24. Rd2 Re5 25. Rd3 g5 26. Nf5 Rxf5 27. g4 Rxf2 28. gxh5 Rf1+ 29. Rd1 Rxd1+ 30. Kxd1 Bf3+ 31. Ke1 Bxh5 32. Nd2 Bg6 33. c3 Kd7 34. Kf2 bxc3 35. bxc3 Kc6 36. Nc4 f6 37. Kg3 Bf7 38. Nd2 Bxa2 39. Ne4 1/2-1/2

[Event "13th SRB-ch Men 2019"]
[Site "Beograd"]
[Date "2019.04.11"]
[Round "6.4"]
[White "Markovic, Miroslav"]
[Black "Damljanovic, Branko"]
[Result "1/2-1/2"]
[ECO "B22"]
[WhiteElo "2384"]
[BlackElo "2486"]
[Annotator "RC"]
[PlyCount "23"]
[EventDate "2019.04.06"]
[EventType "tourn"]
[EventCountry "SRB"]
[SourceTitle "playchess.com"]
[Source "ChessBase"]
[SourceQuality "1"]
[TimeControl "40/5400+30:1800+30"]

1. e4 c5 2. Nf3 e6 3. c3 Nf6 4. e5 Nd5 5. d4 cxd4 6. cxd4 d6 7. a3 Bd7 8. Bd3 Bc6 9. O-O Nd7 10. b4 a6 11. Qe2 Be7 12. Bd2 1/2-1/2

[Event "13th SRB-ch Men 2019"]
[Site "Beograd"]
[Date "2019.04.12"]
[Round "7.2"]
[White "Damljanovic, Branko"]
[Black "Savic, Miodrag R"]
[Result "0-1"]
[ECO "E20"]
[WhiteElo "2486"]
[BlackElo "2498"]
[Annotator "ChessBase"]
[PlyCount "122"]
[EventDate "2019.04.06"]
[EventType "tourn"]
[EventCountry "SRB"]
[SourceTitle "playchess.com"]
[Source "ChessBase"]
[SourceQuality "1"]
[TimeControl "40/5400+30:1800+30"]

1. Nf3 Nf6 2. c4 e6 3. Nc3 Bb4 4. g3 O-O 5. Bg2 d5 6. d4 dxc4 7. O-O Nc6 8. Qa4 Bd7 9. Qc2 Be7 10. Rd1 Nb4 11. Qb1 Bc6 12. e4 Nd3 13. Rxd3 cxd3 14. Qxd3 a6 15. Bf4 b5 16. Rd1 Bb7 17. Ng5 h6 18. Nh3 b4 19. Na4 Qd7 20. b3 Qb5 21. Qc2 Qc6 22. Qb1 Rac8 23. f3 Rfd8 24. Nf2 Qe8 25. Be3 Bc6 26. Nb2 Bb5 27. Rc1 Rd7 28. Nbd3 Qd8 29. Qb2 Bxd3 30. Nxd3 c5 31. Nxc5 Bxc5 32. dxc5 Rd1+ 33. Bf1 a5 34. Kf2 Rxc1 35. Qxc1 Nd7 36. Ba6 Rc7 37. Qd2 Qe7 38. Qd6 Qxd6 39. cxd6 Rc6 40. Bb5 Rxd6 41. Ke2 e5 42. f4 h5 43. h3 g6 44. g4 hxg4 45. hxg4 Kg7 46. g5 f6 47. fxe5 fxe5 48. Bf2 Kf7 49. Be3 Ke7 50. Bf2 Kd8 51. Be3 Kc7 52. Bf2 Re6 53. Kd3 Rd6+ 54. Ke2 Nf8 55. Bc5 Ne6 56. Bxd6+ Kxd6 57. Kd3 Nxg5 58. Be8 Nh3 59. Ke3 Nf4 60. Bf7 Kc5 61. Be8 g5 0-1

[Event "13th SRB-ch Men 2019"]
[Site "Beograd"]
[Date "2019.04.12"]
[Round "7.3"]
[White "Cabarkapa, Novak"]
[Black "Markovic, Miroslav"]
[Result "1/2-1/2"]
[ECO "A01"]
[WhiteElo "2454"]
[BlackElo "2384"]
[Annotator "ChessBase"]
[PlyCount "25"]
[EventDate "2019.04.06"]
[EventType "tourn"]
[EventCountry "SRB"]
[SourceTitle "playchess.com"]
[Source "ChessBase"]
[SourceQuality "1"]
[TimeControl "40/5400+30:1800+30"]

1. b3 a5 2. c4 a4 3. bxa4 e5 4. Nc3 Nc6 5. g3 Nf6 6. Bg2 Bc5 7. d3 O-O 8. Nf3 h6 9. O-O d6 10. Rb1 Bb6 11. Nd5 Nxd5 12. cxd5 Nd4 13. Nxd4 1/2-1/2

[Event "13th SRB-ch Men 2019"]
[Site "Beograd"]
[Date "2019.04.12"]
[Round "7.4"]
[White "Kovacevic, Aleksandar"]
[Black "Milanovic, Danilo"]
[Result "1/2-1/2"]
[ECO "B01"]
[WhiteElo "2503"]
[BlackElo "2495"]
[Annotator "ChessBase"]
[PlyCount "92"]
[EventDate "2019.04.06"]
[EventType "tourn"]
[EventCountry "SRB"]
[SourceTitle "playchess.com"]
[Source "ChessBase"]
[SourceQuality "1"]
[TimeControl "40/5400+30:1800+30"]

1. e4 d5 2. exd5 Qxd5 3. Nc3 Qd6 4. d4 Nf6 5. Nf3 c6 6. Ne5 Be6 7. Bf4 Qd8 8. h4 g6 9. h5 gxh5 10. Bc4 Bxc4 11. Nxc4 Bg7 12. Qe2 O-O 13. O-O-O Re8 14. Rxh5 Nxh5 15. Qxh5 Nd7 16. Ne4 Nf8 17. Ne3 f6 18. Bh6 Bxh6 19. Qxh6 Qc8 20. Rh1 Qe6 21. Rh4 f5 22. Qg5+ Qg6 23. Nxf5 Qxg5+ 24. Nxg5 e6 25. Nd6 Re7 26. Nge4 Ng6 27. Rg4 Rf8 28. g3 Rg7 29. Rg5 b6 30. c3 Ne7 31. Re5 Rg6 32. Kd2 h6 33. Ke2 Nf5 34. Nc4 Kf7 35. a4 Ke7 36. a5 b5 37. Ncd2 Nd6 38. Nxd6 Kxd6 39. Ne4+ Ke7 40. Nc5 Rf5 41. Nd3 Kd6 42. Re4 h5 43. Nf4 Rh6 44. Nd3 Rg6 45. Nf4 Rgf6 46. Nd3 Rg6 1/2-1/2

[Event "13th SRB-ch Men 2019"]
[Site "Beograd"]
[Date "2019.04.12"]
[Round "7.5"]
[White "Nestorovic, Nikola"]
[Black "Ivic, Velimir"]
[Result "1/2-1/2"]
[ECO "B07"]
[WhiteElo "2473"]
[BlackElo "2516"]
[Annotator "ChessBase"]
[PlyCount "66"]
[EventDate "2019.04.06"]
[EventType "tourn"]
[EventCountry "SRB"]
[SourceTitle "playchess.com"]
[Source "ChessBase"]
[SourceQuality "1"]
[TimeControl "40/5400+30:1800+30"]

1. d4 Nf6 2. Nf3 g6 3. Nbd2 Bg7 4. e4 d6 5. Bb5+ Nc6 6. O-O O-O 7. Re1 Bd7 8. c3 e5 9. Bf1 a5 10. dxe5 Nxe5 11. Nxe5 dxe5 12. Nc4 Qe7 13. a4 Bc6 14. Qc2 Rfd8 15. b3 b6 16. g3 Qe6 17. Bg2 Rd7 18. Ne3 Rad8 19. c4 Ba8 20. Nd5 Rb8 21. Bg5 Ne8 22. Be3 c5 23. Rad1 Bxd5 24. exd5 Qd6 25. f4 Re7 26. f5 gxf5 27. Qxf5 Qg6 28. Qxg6 hxg6 29. d6 Rd7 30. Bc6 Rxd6 31. Bxe8 Rxd1 32. Bxf7+ Kxf7 33. Rxd1 Ke6 1/2-1/2

[Event "13th SRB-ch Men 2019"]
[Site "Beograd"]
[Date "2019.04.13"]
[Round "8.2"]
[White "Milanovic, Danilo"]
[Black "Nestorovic, Nikola"]
[Result "1/2-1/2"]
[ECO "D03"]
[WhiteElo "2495"]
[BlackElo "2473"]
[Annotator "ChessBase"]
[PlyCount "49"]
[EventDate "2019.04.06"]
[EventType "tourn"]
[EventCountry "SRB"]
[SourceTitle "playchess.com"]
[Source "ChessBase"]
[SourceQuality "1"]
[TimeControl "40/5400+30:1800+30"]

1. d4 Nf6 2. Bg5 d5 3. Nd2 c6 4. e3 Bf5 5. Ngf3 Nbd7 6. c4 e6 7. Qb3 Qb6 8. c5 Qc7 9. Bf4 Qc8 10. h3 h6 11. Be2 Be7 12. O-O O-O 13. Qc3 Bd8 14. b4 Bc7 15. Bxc7 Qxc7 16. a4 Ne4 17. Nxe4 Bxe4 18. Nd2 Bh7 19. b5 e5 20. a5 a6 21. b6 Qd8 22. dxe5 Qe7 23. Nb3 Nxe5 24. Rac1 Ng6 25. Nd4 1/2-1/2

[Event "13th SRB-ch Men 2019"]
[Site "Beograd"]
[Date "2019.04.14"]
[Round "9.3"]
[White "Kovacevic, Aleksandar"]
[Black "Savic, Miodrag R"]
[Result "1/2-1/2"]
[ECO "D02"]
[WhiteElo "2503"]
[BlackElo "2498"]
[Annotator "RC"]
[PlyCount "20"]
[EventDate "2019.04.06"]
[EventType "tourn"]
[EventCountry "SRB"]
[SourceTitle "playchess.com"]
[Source "ChessBase"]
[SourceQuality "1"]
[TimeControl "40/5400+30:1800+30"]

1. d4 d5 2. Bf4 Nf6 3. e3 g6 4. Be2 Bg7 5. Nf3 O-O 6. Nbd2 c6 7. Ne5 Nbd7 8. c3 Nxe5 9. Bxe5 Ne8 10. Bxg7 Nxg7 1/2-1/2

[Event "13th SRB-ch Men 2019"]
[Site "Beograd"]
[Date "2019.04.14"]
[Round "9.4"]
[White "Nestorovic, Nikola"]
[Black "Markovic, Miroslav"]
[Result "0-1"]
[ECO "C42"]
[WhiteElo "2473"]
[BlackElo "2384"]
[Annotator "RC"]
[PlyCount "114"]
[EventDate "2019.04.06"]
[EventType "tourn"]
[EventCountry "SRB"]
[SourceTitle "playchess.com"]
[Source "ChessBase"]
[SourceQuality "1"]
[TimeControl "40/5400+30:1800+30"]

1. e4 e5 2. Nf3 Nf6 3. Nxe5 d6 4. Nf3 Nxe4 5. c4 Be7 6. d4 O-O 7. Bd3 d5 8. O-O c6 9. h3 Nd7 10. Qc2 Ndf6 11. Re1 Bf5 12. c5 h6 13. Ne5 Bh7 14. Nc3 Ng5 15. Bxh7+ Nfxh7 16. b4 Bf6 17. f4 Ne6 18. Qd3 Bxe5 19. fxe5 b6 20. Be3 a5 21. a3 axb4 22. axb4 bxc5 23. bxc5 Qh4 24. Bf2 Qg5 25. Be3 Qh4 26. Bf2 Qg5 27. Be3 Qg3 28. Ne2 Qh4 29. Bf2 Qg5 30. Ra6 Rfc8 31. Rea1 Rxa6 32. Qxa6 Qd8 33. Ng3 g6 34. Nf1 Nhg5 35. Nh2 h5 36. Be3 Ne4 37. Nf3 Kg7 38. h4 Rc7 39. Rf1 Qb8 40. Ng5 N4xg5 41. Bxg5 Nxd4 42. Bf6+ Kh7 43. Qd3 Ne6 44. g4 Qb4 45. gxh5 Qg4+ 46. Kh1 Qxh5 47. Qa6 g5 48. Rf2 Qd1+ 49. Rf1 Ra7 50. Rxd1 Rxa6 51. hxg5 Nxc5 52. Kg2 Kg6 53. Rh1 Ne6 54. Rh8 c5 55. Rc8 c4 56. Kf3 Kf5 57. g6 Ra3+ 0-1